 Dungeon Crawl Stone Soup version 0.27-a0-978-g2aa4ecdaef (webtiles) character file.

Game seed: 12238434791198693077

9060 tardwrangler69 the Geomancer (level 11, -16/74 HPs)
             Began as a Yellow Draconian Earth Elementalist on Apr 14, 2021.
             Was a Follower of Vehumet.
             Demolished by a two-headed ogre
             ... wielding a +0 giant club
              (25 damage)
             ... on level 10 of the Dungeon.
             The game lasted 00:18:23 (13326 turns).

tardwrangler69 the Geomancer (DrEE)                Turns: 13326, Time: 00:18:24

Health: -16/74     AC: 10    Str: 10    XL:     11   Next: 18%
Magic:  7/21       EV: 18    Int: 19    God:    Vehumet [*.....]
Gold:   503        SH:  5    Dex: 18    Spells: 13/24 levels left

rFire    . . .     SeeInvis .   m - +1 short sword (protect)
rCold    . . .     Faith    .   y - +0 buckler
rNeg     . . .     Spirit   .   (armour unavailable)
rPois    .         Reflect  .   (helmet restricted)
rElec    .         Harm     .   A - scarf {repulsion}
rCorr    +         Rampage  .   g - +2 pair of gloves
Will     .....                  (no boots)
Stlth    ++........             (no amulet)
HPRegen  0.22/turn              n - +6 ring of dexterity
MPRegen  0.17/turn              C - +4 ring of slaying

@: short of breath, repel missiles
A: spit acid, AC +7, unfitting armour, cold-blooded, acid resistance
a: Breathe Acid, Renounce Religion


You were on level 10 of the Dungeon.
You worshipped Vehumet.
Vehumet was aware of your devotion.
You visited 2 branches of the dungeon, and saw 11 of its levels.

You collected 503 gold pieces.

Inventory:

Hand Weapons
 m - a +1 short sword of protection (weapon)
Missiles
 b - 205 stones
 u - a throwing net
 I - 2 boomerangs of dispersal
Armour
 g - a +2 pair of gloves (worn)
 y - a +0 buckler (worn)
 A - a scarf of repulsion (worn)
Magical Staves
 a - a staff of poison
Jewellery
 k - a ring of protection from fire
 n - a +6 ring of dexterity (left hand)
 C - a +4 ring of slaying (right hand)
 G - a ring of see invisible
Wands
 f - a wand of digging (6)
 p - a wand of charming (5)
 r - a wand of mindburst (7)
 B - a wand of iceblast (4)
 J - a wand of paralysis (9)
Scrolls
 d - 2 scrolls of vulnerability
 h - a scroll of identify
Potions
 e - a potion of flight
 i - 2 potions of mutation
 l - a potion of heal wounds
 o - 5 potions of curing
 t - 2 potions of resistance {unknown}
 v - a potion of magic {unknown}
 D - a potion of ambrosia {unknown}
 E - a potion of attraction {unknown}
 F - a potion of degeneration {unknown}


   Skills:
 + Level 9.3 Dodging
 - Level 1.7 Stealth
 - Level 4.0 Shields
 - Level 7.0 Spellcasting
 - Level 7.0 Conjurations
 - Level 1.0 Transmutations
 - Level 10.0 Earth Magic


You had 13 spell levels left.
You knew the following spells:

 Your Spells              Type           Power      Damage    Failure   Level
a - Sandblast             Erth           88%        2d18      1%          1
b - Stone Arrow           Conj/Erth      76%        3d11      1%          3
c - Passwall              Tmut/Erth      22%        N/A       1%          2
d - Lee's Rapid Deconstr  Erth           22%        3d13*     4%          5

Your spell library contained the following spells:

 Spells                   Type           Power      Damage    Failure   Level
 Shock                    Conj/Air       76%        1d7       2%          1
 Magic Dart               Conj           100%       1d8       1%          1
 Beastly Appendage        Tmut           20%        N/A       7%          1
 Conjure Flame            Conj/Fire      19%        6-21      7%          3
 Animate Skeleton         Necr           12%        N/A       10%         1
 Pain                     Necr           24%        1d5       10%         1
 Wereblood                Tmut           10%        N/A       10%         2
 Petrify                  Tmut/Erth      27%        N/A       11%         4
 Mephitic Cloud           Conj/Pois/Air  15%        N/A       12%         3
 Blink                    Tloc           N/A        N/A       16%         2
 Call Imp                 Summ           6%         N/A       16%         2
 Slow                     Hex            6%         N/A       16%         2
 Spider Form              Tmut/Pois      4%         N/A       24%         3
 Vampiric Draining        Necr           3%         2d6       30%         3
 Ice Form                 Ice/Tmut       8%         N/A       63%         4
 Animate Dead             Necr           3%         N/A       69%         4
 Cause Fear               Hex            3%         N/A       69%         4
 Hydra Form               Tmut           5%         N/A       88%         5
 Yara's Violent Unravell  Hex/Tmut       4%         3d4       92%         5
 Agony                    Necr           6%         N/A       95%         5
 Silence                  Hex/Air        3%         N/A       95%         5
 Discord                  Hex            3%         N/A       100%        8


Dungeon Overview and Level Annotations

Branches:
Dungeon (10/15)            Temple (1/1) D:7            Lair (0/6) D:9
    Orc: D:9-12

Altars:
Ashenzari
Cheibriados
Dithmenos
Elyvilon
Fedhas
Gozag
Hepliaklqana
Kikubaaqudgha
Makhleb
Nemelex Xobeh
Okawaru
Qazlal
Sif Muna
Trog
Uskayaw
Vehumet
Wu Jian
Xom
Yredelemnul
Zin
The Shining One
Beogh

Shops:
D:2 [   D:7 (

Annotations:
D:9 Harold


Innate Abilities, Weirdness & Mutations

You can spit globs of acid.
Your golden yellow scales are hard. (AC +7)
You cannot fit into any form of body armour.
You are cold-blooded and may be slowed by cold attacks.
You are resistant to acid. (rCorr)


Message History

Casting: Stone Arrow (safe; 1% risk of failure)
Confirm with . or Enter, or press ? or * to list all spells.
Aiming: Stone Arrow (safe; 1% risk of failure)
Press: ? - help, Shift-Dir - straight line, f/p - two-headed ogre
Aim: a two-headed ogre, wielding a +0 giant club and a +0 giant spiked club (lightly wounded, 12% to evade)
The stone arrow misses the two-headed ogre.
Casting: Stone Arrow (safe; 1% risk of failure)
Confirm with . or Enter, or press ? or * to list all spells.
Aiming: Stone Arrow (safe; 1% risk of failure)
Press: ? - help, Shift-Dir - straight line, f/p - two-headed ogre
Aim: a two-headed ogre, wielding a +0 giant club and a +0 giant spiked club (lightly wounded, 12% to evade)
The stone arrow hits the two-headed ogre!
The two-headed ogre is heavily wounded.
Casting: Stone Arrow (safe; 1% risk of failure)
Confirm with . or Enter, or press ? or * to list all spells.
Okay, then.
Unknown command.
Press: ? - help, Shift-Dir - straight line, f/p - two-headed ogre
Aim: a two-headed ogre, wielding a +0 giant club and a +0 giant spiked club (heavily wounded)
You spit a glob of acid.
The glob of acid misses the two-headed ogre.
Casting: Stone Arrow (safe; 1% risk of failure)
Confirm with . or Enter, or press ? or * to list all spells.
Aiming: Stone Arrow (safe; 1% risk of failure)
Press: ? - help, Shift-Dir - straight line, f/p - two-headed ogre
Aim: a two-headed ogre, wielding a +0 giant club and a +0 giant spiked club (heavily wounded, 12% to evade)
The stone arrow hits the two-headed ogre!!
The two-headed ogre is severely wounded.
The two-headed ogre hits you with a +0 giant club!!
The two-headed ogre hits you with a +0 giant spiked club!!
Casting: Stone Arrow (safe; 1% risk of failure)
Confirm with . or Enter, or press ? or * to list all spells.
Aiming: Stone Arrow (safe; 1% risk of failure)
Press: ? - help, Shift-Dir - straight line, f/p - two-headed ogre
Aim: a two-headed ogre, wielding a +0 giant club and a +0 giant spiked club (severely wounded, 12% to evade)
The stone arrow misses the two-headed ogre.
The two-headed ogre hits you with a +0 giant club!!
* * * LOW HITPOINT WARNING * * *
The two-headed ogre hits you with a +0 giant spiked club!!
You die...

#............
#............
#.<...#######
#....[#
#.....#
#.....#
#.....#
#.....#
#####@# #O#
#.. #...
#.... #.....
#......
........


You could see a two-headed ogre.

Vanquished Creatures
  A hydra (D:9)
  A death knight (D:9)
  A wizard (D:9)
  A manticore (D:9)
  Joseph (D:9)
  A komodo dragon (D:8)
  2 hornets
  Grinder (D:3)
  Prince Ribbit (D:5)
  8 yaks
  A wraith (D:9)
  Eustachio (D:5)
  A steam dragon (D:9)
  An acid dragon (D:10)
  3 water moccasins
  5 orc warriors
  An ice beast (D:5)
  A black bear (D:9)
  4 ogres (D:5)
  4 centaurs
  A phantom (D:4)
  A kobold brigand (D:8)
  6 bullfrogs
  A gnoll sergeant (D:8)
  A scorpion (D:7)
  2 water moccasin skeletons
  6 killer bees (D:9)
  4 crimson imps (D:5)
  A centaur zombie (D:6)
  3 hounds
  A bullfrog skeleton (D:5)
  5 orc priests
  4 centaur skeletons
  Jessica (D:2)
  An iguana (D:4)
  Ijyb (D:3)
  9 orc wizards
  Natasha (thrice) (D:2)
  A howler monkey zombie (D:9)
  Robin (D:2)
  7 adders
  3 gnolls (D:8)
  A howler monkey skeleton (D:4)
  A shadow imp (D:8)
  2 white imps
  A worm (D:2)
  3 dart slugs
  36 orcs
  5 ball pythons
  6 bats
  5 endoplasms
  2 giant cockroaches (D:1)
  17 goblins
  5 hobgoblins
  8 jackals
  A quokka (D:4)
  3 frilled lizards
  14 kobolds
  5 rats
218 creatures vanquished.

Vanquished Creatures (others)
  A human (D:7)
  46 fungi (D:9)
  41 plants
88 creatures vanquished.

Grand Total: 306 creatures vanquished

Notes
Turn   | Place    | Note
-------+----------+-------------------------------------------
     0 | D:1      | tardwrangler69 the Draconian Earth Elementalist began the
                  | quest for the Orb.
     0 | D:1      | Reached XP level 1. HP: 14/14 MP: 3/3
   539 | D:1      | Reached XP level 2. HP: 20/20 MP: 5/5
  1535 | D:2      | Found Sikhletaa's Antique Armour Shop.
  1575 | D:2      | Noticed Jessica
  1581 | D:2      | Killed Jessica
  1582 | D:2      | Reached skill level 4 in Earth Magic
  1582 | D:2      | Reached XP level 3. HP: 26/26 MP: 0/6
  1756 | D:2      | Noticed Natasha
  1763 | D:2      | Killed Natasha
  1764 | D:2      | Reached XP level 4. HP: 33/33 MP: 4/8
  2152 | D:2      | Noticed Robin
  2485 | D:2      | Killed Robin
  2652 | D:2      | Noticed Natasha
  2656 | D:2      | Killed Natasha
  2657 | D:2      | Reached skill level 5 in Earth Magic
  2657 | D:2      | Reached XP level 5. HP: 37/38 MP: 6/9
  2949 | D:2      | Noticed Natasha
  2952 | D:2      | Killed Natasha
  3195 | D:3      | Noticed Grinder
  3205 | D:3      | Paralysed by Grinder for 3 turns
  3211 | D:3      | Paralysed by Grinder for 6 turns
  3219 | D:3      | Killed Grinder
  3220 | D:3      | Reached skill level 6 in Earth Magic
  3220 | D:3      | Reached XP level 6. HP: 16/45 MP: 1/12
  3550 | D:3      | Found a faded altar of an unknown god.
  3783 | D:3      | Noticed Ijyb
  3802 | D:3      | Killed Ijyb
  4212 | D:4      | Your scales start taking on a golden yellow colour.
  4212 | D:4      | Reached XP level 7. HP: 49/50 MP: 13/13
  4212 | D:4      | Gained mutation: You are resistant to acid. (rCorr) [Yellow
                  | Draconian growth]
  4342 | D:4      | Learned a level 3 spell: Stone Arrow
  4345 | D:4      | Learned a level 2 spell: Passwall
  4351 | D:4      | Learned a level 5 spell: Lee's Rapid Deconstruction
  4376 | D:4      | Reached skill level 7 in Earth Magic
  4642 | D:4      | Found a glowing silver altar of Zin.
  4643 | D:4      | Found a white marble altar of Elyvilon.
  4644 | D:4      | Found a glowing golden altar of the Shining One.
  4711 | D:4      | Found an iron altar of Okawaru.
  4711 | D:4      | Found a stormy altar of Qazlal.
  4804 | D:5      | Entered Level 5 of the Dungeon
  5176 | D:5      | Found a shimmering altar of Xom.
  5219 | D:5      | Reached skill level 5 in Spellcasting
  5233 | D:5      | Reached skill level 8 in Earth Magic
  5530 | D:5      | Reached XP level 8. HP: 49/57 MP: 12/15
  5742 | D:5      | Noticed Eustachio
  5773 | D:5      | Killed Eustachio
  5894 | D:5      | Noticed Prince Ribbit
  5948 | D:5      | Killed Prince Ribbit
  5949 | D:5      | Reached skill level 9 in Earth Magic
  6134 | D:5      | Found a runed translucent door.
  6466 | D:5      | Reached skill level 1 in Conjurations
  6584 | D:5      | Reached XP level 9. HP: 24/62 MP: 3/18
  6807 | D:5      | Reached skill level 10 in Earth Magic
  7790 | D:6      | Identified the +2 long sword of Reason {vamp, *Slow Str+5
                  | Int-4 Dex+8}
  8220 | D:7      | Found an ancient bone altar of Kikubaaqudgha.
  8276 | D:7      | Found Waangeli's Hydra Hut.
  8282 | D:7      | Noticed a six-headed hydra
  8471 | D:7      | Reached skill level 5 in Conjurations
  8612 | D:7      | Found a staircase to the Ecumenical Temple.
  8632 | Temple   | Entered the Ecumenical Temple
  9048 | Temple   | Became a worshipper of Vehumet
  9647 | D:8      | Reached skill level 1 in Shields
 10013 | D:8      | Reached XP level 10. HP: 47/69 MP: 10/20
 10643 | D:9      | Noticed Joseph
 10671 | D:9      | Noticed a five-headed hydra
 10698 | D:9      | Killed a five-headed hydra
 10923 | D:9      | Noticed a wizard
 10932 | D:9      | Killed a wizard
 10933 | D:9      | Reached skill level 5 in Dodging
 11014 | D:9      | Reached * piety under Vehumet
 11014 | D:9      | Offered knowledge of Shock by Vehumet.
 11029 | D:9      | Noticed a manticore
 11046 | D:9      | Killed a manticore
 11317 | D:9      | Noticed Harold
 11413 | D:9      | Found an opulent altar of Gozag.
 11714 | D:9      | Found a broken altar of Ashenzari.
 11851 | D:9      | Noticed a death knight
 11877 | D:9      | Killed a death knight
 11878 | D:9      | Reached XP level 11. HP: 31/74 MP: 1/21
 12979 | D:9      | Killed Joseph
 13237 | D:9      | Found a staircase to the Lair.
 13273 | D:10     | Entered Level 10 of the Dungeon
 13320 | D:10     | Noticed a two-headed ogre
 13326 | D:10     | Demolished by a two-headed ogre

Illustrated notes

Levels and vault maps discovered:
D:1:      dpeg_arrival_line_fractal, layout_basic, feat_on_display
D:2:      layout_loops_ring, serial_shops, shop, roderic_nine_men_s_morris,
          minmay_door_square, uniq_robin, uniq_jessica, uniq_natasha
D:3:      layout_rooms, basic_ecumenical_altar, uniq_grinder, uniq_ijyb
D:4:      layout_rooms, good_gods_temple_1, gammafunk_temple_overflow_wave
D:5:      layout_loops_corners, led_xom_imps, lightli_church_of_beogh,
          uniq_prince_ribbit1, uniq_eustachio
D:6:      layout_gridville, minmay_liquid_box, minmay_misc_feat_rows,
          minmay_misc_feat_five, moated_statue
D:7:      layout_basic, tgw_kikubaaqudgha, minmay_temple_entry_gardened_gates,
          doesnt_shop_hydraphobe
D:8:      layout_basic, unseen_surprise_small
D:9:      minmay_diamond_stairs, layout_irregular_city,
          nicolae_ashenzari_skybound, overflow_temple_1_default,
          due_lair_maze_entry_diamond, grunt_ministairs_8,
          kennysheep_another_room, uniq_joseph, uniq_harold
D:10:     layout_irregular_city, nicolae_overflow_hidden_temple,
          kennysheep_just_a_vault
Temple:   minmay_temple_forest_path

Skill      XL: |  1  2  3  4  5  6  7  8  9 10 11 |
---------------+----------------------------------+-----
Earth Magic    | 4 5 6 8 9 10 | 10.0
Spellcasting   | 3 4 5 6 7 |  7.0
Conjurations   | 1 6 7 |  7.0
Dodging        | 3 8 9 |  9.3
Shields        | 2 4 |  4.0
Stealth        | |  1.7
Transmutations | |  1.0

Action                   |  1- 3 |  4- 6 |  7- 9 | 10-12 || total
-------------------------+-------+-------+-------+-------++-------
Melee: Unarmed           |    80 |       |       |       ||    80
       Tailslap          |    11 |    19 |    34 |    21 ||    85
       Dagger            |    17 |       |       |       ||    17
       Whip              |    23 |    83 |       |       ||   106
       Short sword       |       |    94 |   280 |    93 ||   467
 Cast: Sandblast         |     9 |    42 |    65 |    31 ||   147
       Stone Arrow       |       |       |    69 |    41 ||   110
       Lee's Rapid Decon |       |       |     8 |    15 ||    23
       Passwall          |       |       |       |     1 ||     1
 Abil: Breathe Acid      |       |       |     1 |     4 ||     5
Evoke: Wand              |       |       |       |     4 ||     4
  Use: Potion            |       |       |     3 |     5 ||     8
       Scroll            |       |       |    12 |     1 ||    13
 Stab: Sleeping          |     5 |     2 |       |       ||     7
       Distracted        |       |     1 |       |       ||     1
       Invisible         |       |       |     2 |       ||     2
Armor: Skin              |    48 |   100 |   178 |    51 ||   377
Dodge: Dodged            |    96 |   140 |   276 |   141 ||   653
       Repelled          |       |       |     2 |     7 ||     9
Block: Buckler           |       |       |       |    46 ||    46

Table legend: (Time is in decaauts)
 A = Elapsed time spent in this place.
 B = Non-inter-level travel time spent in this place.
 C = Inter-level travel time spent in this place.
 D = Time resting spent in this place.
 E = Time spent auto-exploring this place.
 F = Levels seen in this place.
 G = Mean time per level.
                   A        B        C        D        E       F      G
               +--------+--------+--------+--------+--------+-----+--------+
         Total |  13398 |  12914 |    484 |    626 |  10002 |  11 | 1218.0 |
       Dungeon |  12932 |  12520 |    412 |    626 |   9610 |  10 | 1293.2 |
        Temple |    465 |    393 |     72 |      0 |    392 |   1 |  465.0 |
               +--------+--------+--------+--------+--------+-----+--------+

Top non-repeatable levels by time:
     D:5: 2392 daAuts
     D:8: 2019 daAuts
     D:9: 1731 daAuts
     D:2: 1667 daAuts
     D:1: 1460 daAuts
     D:6: 1036 daAuts
     D:3: 1006 daAuts
     D:7: 865 daAuts
     D:4: 702 daAuts
  Temple: 465 daAuts
    D:10: 52 daAuts
